 Dungeon Crawl Stone Soup version 0.28.0-43-g3370ac3207 (webtiles) character file.

Game seed: 8084744031143484265

63 crimpus the Shield-Bearer (level 3, -5/31 HPs)
             Began as a Demigod Fighter on Mar 5, 2022.
             Slain by an ogre
             ... wielding a +0 giant club
              (16 damage)
             ... on level 2 of the Dungeon.
             The game lasted 00:02:20 (1858 turns).

crimpus the Shield-Bearer (Demigod Fighter)         Turns: 1858, Time: 00:02:21

Health: -5/31      AC:  6    Str: 21    XL:     3   Next: 61%
Magic:  5/5        EV:  9    Int: 10    God:
Gold:   17         SH:  5    Dex: 15    Spells: 2/2 levels left

rFire   . . .      SeeInvis .   g - +0 whip
rCold   . . .      Faith    .   c - +0 buckler
rNeg    . . .      Spirit   .   b - +0 scale mail
rPois   .          Reflect  .   (no helmet)
rElec   .          Harm     .   (no cloak)
rCorr   .          Rampage  .   (no gloves)
Will    .....                   (no boots)
Stlth   ..........              (no amulet)
HPRegen 0.10/turn               (no ring)
MPRegen 0.09/turn               (no ring)

@: mighty, unable to read
A: high MP 1, forlorn, divine attributes, agile 1, screaming 1, inability to
read while threatened
a: no special abilities


You were on level 2 of the Dungeon.
You visited 1 branch of the dungeon, and saw 2 of its levels.

You collected 17 gold pieces.

Inventory:

Hand Weapons
 a - a +0 flail
 g - a +0 whip (weapon)
Armour
 b - a +0 scale mail (worn)
 c - a +0 buckler (worn)
Scrolls
 i - a scroll of identify


   Skills:
 + Level 3.1 Fighting
 + Level 2.5 Maces & Flails
 + Level 3.1 Armour
 + Level 3.2 Shields


You had 2 spell levels left.
You didn't know any spells.
Your spell library was empty.

Dungeon Overview and Level Annotations

Branches:
Dungeon (2/15)

Shops:
D:1 :   D:2 (


Innate Abilities, Weirdness & Mutations

You have an increased reservoir of magic. (+10% MP)
You shall have no god before yourself.
Your divine heritage dramatically boosts your attributes as you level up.
You are agile. (Dex +2)
You occasionally shout uncontrollably at your foes.
You sometimes lose the ability to read scrolls when taking damage.


Message History

There is a stone staircase leading up, spattered with blood here.
You climb upwards.
There is a stone staircase leading down here.
It was a potion of mutation.
You feel extremely strange.
You feel the urge to shout.
You lose the ability to read scrolls when threatened.
You feel agile.
It was a potion of heal wounds.
You feel much better.
It was a potion of ambrosia.
You are confused.
You feel invigorated.
You are too confused!
You start waiting.
You feel less invigorated.
You feel less confused.
You start waiting.
Done waiting.
You start waiting.
Done waiting.
As you read the scroll labelled ACKAZIGR DITO, it crumbles to dust.
You assume a fearsome visage.
Nothing appears to happen.
It was a scroll of fear.
As you read the scroll labelled OCUIHA JUECY, it crumbles to dust.
It is a scroll of identify.
You don't have any unidentified items.
You feel very mighty all of a sudden.
You can't go up here!
You climb downwards.
The ogre hits you with a +0 giant club!!
Ouch! That really hurt!
The hobgoblin hits you but does no damage. x2
There is a stone staircase leading up, spattered with blood here.
The hobgoblin hits you but does no damage.
The hobgoblin closely misses you.
You whack the ogre!
The ogre is heavily wounded.
The ogre hits you with a +0 giant club!
You feel threatened and lose the ability to read scrolls!
Ouch! That really hurt!
You die...

##########
#........#
#........#
#####........#
###............#
##....##........#
##..##.......<.O@#
...###.##......g.#
w......##........#
.)..#.....##...###
....##.#...###.##
....##.#....##..##
.....#.#.........##
...#..............##
#..................#


You could see an ogre and a hobgoblin.

Vanquished Creatures
  2 adders (D:2)
  A worm (D:2)
  2 dart slugs
  3 ball pythons (D:1)
  An endoplasm (D:1)
  4 giant cockroaches
  4 goblins
  5 hobgoblins
  4 kobolds
  2 bats (D:1)
  7 frilled lizards
  2 rats (D:1)
37 creatures vanquished.

Notes
Turn   | Place    | Note
-------+----------+-------------------------------------------
     0 | D:1      | crimpus the Demigod Fighter began the quest for the Orb.
     0 | D:1      | Reached XP level 1. HP: 18/18 MP: 3/3
   264 | D:1      | Reached XP level 2. HP: 25/25 MP: 4/4
   496 | D:1      | Found Agrutaw's Book Shop.
   979 | D:2      | Reached XP level 3. HP: 22/31 MP: 5/5
  1616 | D:2      | Found Qaysmat's Antique Weapon Emporium.
  1616 | D:2      | Noticed an ogre
  1642 | D:1      | Gained mutation: You occasionally shout uncontrollably at
                  | your foes. [potion of mutation]
  1642 | D:1      | Gained mutation: You sometimes lose the ability to read
                  | scrolls when taking damage. [potion of mutation]
  1642 | D:1      | Gained mutation: You are agile. (Dex +2) [potion of
                  | mutation]
  1858 | D:2      | Slain by an ogre

Illustrated notes

Levels and vault maps discovered:
D:1:      amcnicky_arrival_single_pillar, layout_loops_ring, serial_shops,
          nicolae_lakefront_shop
D:2:      layout_rooms, ebering_ecumenical_altar_sacrificial, serial_shops, shop

Skill      XL: |  1  2 |
---------------+-------+-----
Maces & Flails | 2 |  2.5
Shields        | 3 |  3.2
Armour         | 3 |  3.1
Fighting       | 3 |  3.1

Action                   || total
-------------------------++-------
Melee: Flail             ||    15
       Whip              ||   141
  Use: Potion            ||     4
       Scroll            ||     2
Armor: Scale mail        ||    59
Dodge: Dodged            ||    80
Block: Buckler           ||    38
